 Dungeon Crawl Stone Soup version 0.28.0-53-g5a82cb258f (webtiles) character file.

Game seed: 2103225641802022182

161571 Ashen the Frost Mage (level 16, -7/122 HPs)
             Began as a Demonspawn Ice Elementalist on July 21, 2022.
             Was the Champion of Vehumet.
             Killed from afar by Nikola (70 damage)
             ... with an arc of chain lightning
             ... on level 4 of the Shoals on July 22, 2022.
             The game lasted 02:46:28 (39007 turns).

Ashen the Frost Mage (Demonspawn Ice Elementalist) Turns: 39007, Time: 02:46:28

Health: -7/122     AC: 16    Str:  9    XL:     16   Next: 94%
Magic:  6/31       EV: 16    Int: 21    God:    Vehumet [******]
Gold:   1664       SH:  7    Dex: 15    Spells: 8/37 levels left

rFire   . . .      SeeInvis +   e - +4 broad axe of Yjeatiri {vamp, Drain Fly rN++ rCorr Int-5}
rCold   + . .      Faith    .   P - +0 buckler {rC+}
rNeg    + + .      Spirit   .   J - +0 troll leather armour
rPois   .          Reflect  .   k - +2 helmet {Int+3}
rElec   .          Harm     .   c - +2 cloak
rCorr   +          Rampage  .   A - +2 pair of gloves
Will    ++...                   (no boots)
Stlth   ++++......              W - amulet of regeneration
HPRegen 1.90/turn               T - ring of see invisible
MPRegen 0.22/turn               h - ring of willpower

@: mighty, unable to drink, flying, very slightly contaminated
A: ignite blood 2, powered by pain 1, weakness stinger 2
}: 1/15 runes: barnacled
a: Renounce Religion


You were on level 4 of the Shoals.
You worshipped Vehumet.
Vehumet was exalted by your worship.
You visited 5 branches of the dungeon, and saw 28 of its levels.
You also visited: Gauntlet.

You collected 2630 gold pieces.
You spent 966 gold pieces at shops.

Inventory:

Hand Weapons
 a - the +8 whip "Snakebite" {venom, curare, rPois}
   (You found it on level 4 of the Lair of Beasts)

   It poisons the flesh of those it strikes.
   It occasionally inflicts asphyxiating poison on those it strikes, dealing
   poison damage and causing slowness.
   rPois:     It protects you from poison.
 e - the +4 broad axe of Yjeatiri (weapon) {vamp, Drain Fly rN++ rCorr Int-5}
   (You found it on level 2 of the Shoals)

   It occasionally heals its wielder for a portion of the damage dealt when it
   wounds a living foe.
   Int:       It affects your intelligence (-5).
   rN:        It greatly protects you from negative energy.
   Fly:       It grants you flight.
   rCorr:     It protects you from acid and corrosion.
   Drain:     It drains your maximum health when unequipped.
 j - a +4 dagger of freezing
 w - the +6 shortbow of Piotisafar {speed, rElec rN+ Str+2}
   (You found it in a Gauntlet)

   Attacks with this weapon are significantly faster.
   Str:       It affects your strength (+2).
   rElec:     It insulates you from electricity.
   rN:        It protects you from negative energy.
 z - a +2 vampiric demon trident
 O - a +3 whip of electrocution
Armour
 c - a +2 cloak (worn)
 k - a +2 helmet of intelligence (worn)
 n - a scarf of invisibility
 A - a +2 pair of gloves (worn)
 J - a +0 troll leather armour (worn)
 P - a +0 buckler of cold resistance (worn)
 S - a +2 kite shield
Magical Staves
 t - a staff of cold
 H - a staff of conjuration
Jewellery
 b - a ring of magical power
 h - a ring of willpower (right hand)
 T - a ring of see invisible (left hand)
 W - an amulet of regeneration (around neck)
Wands
 i - a wand of digging (6)
 p - a wand of paralysis (15)
 r - a wand of polymorph (26)
 v - a wand of mindburst (20)
 I - a wand of acid (6)
 L - a wand of flame (17)
 Z - a wand of iceblast (5)
Scrolls
 f - a scroll of brand weapon
 s - a scroll of silence
 u - 6 scrolls of fog
 x - 15 scrolls of teleportation
 y - 7 scrolls of enchant armour
 B - 4 scrolls of amnesia
 C - 2 scrolls of torment
 D - 3 scrolls of vulnerability
 E - 4 scrolls of magic mapping
 G - a scroll of holy word
 M - 8 scrolls of identify
 N - 2 scrolls of fear
 X - 2 scrolls of blinking
 Y - 2 scrolls of noise
Potions
 d - 6 potions of haste
 g - 6 potions of might
 m - 8 potions of flight
 o - 8 potions of brilliance
 q - 4 potions of curing
 F - 2 potions of resistance
 K - 2 potions of magic
 Q - 2 potions of lignification
 R - a potion of ambrosia
 U - 2 potions of attraction
 V - a potion of invisibility


   Skills:
 - Level 10.0 Fighting
 - Level 10.0 Armour
 - Level 10.0 Dodging
 - Level 10.0 Stealth
 - Level 10.0 Shields
 + Level 11.3 Spellcasting
 - Level 10.0 Conjurations
 + Level 14.7 Ice Magic


You had 8 spell levels left.
You knew the following spells:

 Your Spells              Type           Power      Damage    Failure   Level
a - Freeze                Ice            100%       1d11      0%          1
b - Frozen Ramparts       Ice            100%       1d12      1%          3
c - Ozocubu's Armour      Ice            65%        N/A       1%          3
d - Hailstorm             Conj/Ice       59%        3d13      1%          4
e - Searing Ray           Conj           100%       2d8       1%          2
f - Dazzling Flash        Conj/Hex       64%        N/A       1%          3
g - Fulminant Prism       Conj/Hex       16%        3d11      3%          4
h - Blink                 Tloc           22%        N/A       13%         2
i - Ozocubu's Refrigerat  Ice            32%        4d11      4%          7

Your spell library contained the following spells:

 Spells                   Type           Power      Damage    Failure   Level
 Irradiate                Conj/Tmut      16%        3d19      9%          5
 Conjure Flame            Conj/Fire      32%        6-21      1%          3
 Poisonous Vapours        Pois/Air       22%        N/A       3%          2
 Sticky Flame             Conj/Fire      32%        2d5       3%          4
 Ice Form                 Ice/Tmut       42%        N/A       4%          4
 Ignite Poison            Fire/Tmut/Pois 11%        N/A       7%          3
 Animate Skeleton         Necr           22%        N/A       9%          1
 Pain                     Necr           44%        1d6       9%          1
 Corpse Rot               Necr/Air       22%        N/A       13%         2
 Gell's Gravitas          Tloc           11%        N/A       26%         3
 Lesser Beckoning         Tloc           11%        N/A       26%         3
 Teleport Other           Tloc           11%        N/A       26%         3
 Vampiric Draining        Necr           11%        2d6       26%         3
 Iron Shot                Conj/Erth      16%        9d4       38%         6
 Lee's Rapid Deconstruct  Erth           5%         3d7*      50%         5
 Simulacrum               Ice/Necr       21%        N/A       54%         6
 Animate Armour           Summ/Erth      22%        N/A       65%         4
 Animate Dead             Necr           5%         N/A       65%         4
 Dispel Undead            Necr           11%        3d9       65%         4
 Leda's Liquefaction      Hex/Erth       5%         N/A       65%         4
 Summon Lightning Spire   Summ/Air       11%        N/A       65%         4
 Blade Hands              Tmut           5%         N/A       94%         5
 Manifold Assault         Tloc           11%        N/A       94%         5
 Death Channel            Necr           5%         N/A       100%        6
 Statue Form              Tmut/Erth      7%         N/A       100%        6
 Haunt                    Necr/Summ      5%         N/A       100%        7
 Storm Form               Tmut/Air       5%         N/A       100%        7
 Infestation              Necr           5%         N/A       100%        8
 Maxwell's Capacitive Co  Air            5%         ∞         100%        8


Dungeon Overview and Level Annotations

Branches:
Dungeon (15/15)            Temple (1/1) D:4            Lair (6/6) D:10
 Shoals (4/4) Lair:3        Snake (0/4) Lair:3        Slime (0/5) Lair:6
    Orc (2/2) D:12            Elf (0/3) Orc:2        Vaults (0/5) D:13
 Depths (0/4) D:15        Gauntlet (visited)

Altars:
Ashenzari
Cheibriados
Dithmenos
Elyvilon
Fedhas
Gozag
Hepliaklqana
Kikubaaqudgha
Makhleb
Nemelex Xobeh
Okawaru
Qazlal
Ru
Sif Muna
Trog
Uskayaw
Vehumet
Wu Jian
Xom
Yredelemnul
Zin
The Shining One
Jiyva

Shops:
D:9 ?[   D:14 ?   Orc:2 ?=[*!   Shoals:2 [(**

Portals:
Pandemonium: Orc:2
Trove: D:14 (give 14 potions of curing)

Annotations:
D:5 3 runed translucent doors, MisterFreud's ghost, amateur GnDe
D:7 exclusions: cyclops and kobold brigand
D:8 Joseph
D:10 2 transporters, Palewisp's ghost, novice SpEn
Lair:6 2 runed translucent doors, exclusion: 2 doors
Shoals:3 3 runed translucent doors, exclusion: 3 doors, Bai Suzhen
Shoals:4 Nikola; Polyphemus


Innate Abilities, Weirdness & Mutations

Your demonic aura often causes spilled blood to erupt in flames.
You sometimes gain a little power by taking damage.
You have a tail ending in a sharp stinger.


Message History

Vehumet accepts your kill.
You feel your power returning.
The wind drake is almost dead.
Unknown command.
Casting: Ozocubu's Refrigeration (dangerous; 4% risk of failure)
Confirm with . or Enter, or press ? or * to list all spells.
Casting: Hailstorm (safe; 1% risk of failure)
Press: ? - help, Dir - look around, f - activate A cannonade of hail descends around you!
The hail pelts the wind drake.
The wind drake is almost dead.
Unknown command.
You miss the wind drake.
The wind drake is almost dead.
The wind drake misses you. The wind drake bites you!
Press: ? - help, v - describe, . - travel
Here: Nikola, wielding a +4 rapier of electrocution, wearing a +0 cloak and wearing a +0 pair of gloves The floor.
Casting: Hailstorm (safe; 1% risk of failure)
Confirm with . or Enter, or press ? or * to list all spells.
Casting: Hailstorm (safe; 1% risk of failure)
Press: ? - help, Dir - look around, f - activate A cannonade of hail descends around you!
The hail pelts Nikola!!
Nikola is lightly wounded.
The wind drake bites you!
Unknown command.
Unknown command.
The wind drake exhales a fierce blast of wind!
You are blown backwards!
Nikola gestures wildly while chanting.
Nikola blinks!
The wind drake flaps its wings at you. The air twists around and strikes you!!
The wind drake flaps its wings at you. The air twists around and strikes you!
Nikola casts a spell.
Lightning arcs from Nikola's hands!
The bolt of lightning hits you!!!
Ouch! That really hurt!
You die...

≈≈≈≈≈≈#######≈≈≈....≈...P......).
≈≈≈≈≈≈≈≈≈≈≈≈≈≈.....≈≈≈P≈..P......
≈≈≈≈≈≈≈≈≈≈≈≈.......≈≈P≈≈≈.....@..
≈≈≈..≈≈≈≈≈÷........≈≈≈≈P≈.......≈
≈≈≈..######.......≈≈≈≈≈≈..≈≈≈.≈≈≈
≈≈≈≈##≈≈≈≈≈#......≈≈≈≈P≈≈≈.....≈.
≈≈≈##≈≈)≈÷#†#....≈≈≈≈P≈≈≈........
≈≈≈#≈≈≈#≈.≈#)#...≈≈≈≈≈≈≈..####..≈
≈≈≈#≈≈≈≈≈≈.)≈#..@.≈≈≈≈≈.### #.PP
≈≈≈#≈)≈##≈≈≈≈#......≈≈≈.# #.PP
≈≈≈#≈≈≈≈#≈#≈.#....@.≈≈≈.# #..≈
≈≈≈#≈#.≈≈≈.≈≈#.......≈..######k.P
...##≈#≈≈≈≈≈##.(......≈k.(.##...≈
###.##≈≈≈≈≈##)................≈≈≈
# #..#######.....###....≈≈≈≈≈≈≈≈≈
###.≈≈≈≈≈≈..##..## ####).≈≈≈≈≈≈≈≈
....≈≈≈≈....##..####.##..≈≈≈≈≈≈≈≈


You could see Nikola and a wind drake (repels missiles).

Vanquished Creatures
  Jorgrun (Shoals:3)
  Kirke (Lair:6)
  An orc warlord (Orc:2)
  A minotaur (Gauntlet)
  4 merfolk javelineers (Shoals:4)
  Josephine (D:12)
  4 merfolk impalers
  Erolcha (D:11)
  A great orb of eyes (D:15)
  2 vault guards (D:13)
  2 boulder beetles (D:14)
  2 alligator snapping turtles
  12 hydras
  3 merfolk aquamancers
  2 merfolk avatars
  An ogre mage (D:13)
  2 demonspawn (Orc:2)
  2 catoblepae
  7 centaur warriors
  2 satyrs
  5 two-headed ogres
  A tengu warrior (D:14)
  Urug (Lair:1)
  3 death yaks (Shoals:4)
  9 orc high priests
  A fire crab (Lair:6)
  Nergalle (Lair:2)
  7 skeletal warriors
  5 sea snakes
  10 harpies
  3 wolf spider zombies (D:15)
  13 orc knights
  11 ugly things
  7 orc sorcerers
  6 fauns
  3 cyclopes
  12 manticores
  3 molten gargoyles (Lair:6)
  11 black mambas
  6 merfolk sirens
  10 elephants
  6 water nymphs
  Maurice (Orc:1)
  A rust devil (Orc:2)
  2 orange demons (Orc:2)
  3 gargoyles
  12 cane toads
  14 komodo dragons
  2 rime drakes
  2 kobold demonologists (D:9)
  A yaktaur (D:13)
  An unseen horror (D:9)
  An ice devil (Orc:2)
  A harpy zombie (D:15)
  7 trolls
  A troll (shapeshifter) (D:11)
  3 meliai (D:15)
  18 merfolk
  A wind drake (Shoals:1)
  15 dream sheep
  2 slime creatures (D:15)
  6 polar bears
  3 meliai zombies (D:15)
  A dream sheep (shapeshifter) (D:15)
  4 blink frogs (Lair:2)
  2 centaur simulacra (D:14)
  4 snapping turtles
  13 flying skulls (Gauntlet)
  2 water elementals (Shoals:3)
  A vampire (D:11)
  32 yaks
  A shadow (D:11)
  4 wraiths
  10 basilisks
  8 wyverns
  A hog (Lair:6)
  2 steam dragons
  20 vampire mosquitoes
  3 swamp worms (Gauntlet)
  7 wargs
  3 nagas (Lair:3)
  4 hell hounds (Lair:6)
  An acid dragon (D:12)
  18 water moccasins
  A floating eye (shapeshifter) (D:15)
  A hornet zombie (D:15)
  51 orc warriors
  6 sky beasts
  4 ice beasts
  2 black bears
  5 ogres
  3 boggarts (D:14)
  3 necrophages (D:6)
  19 wolves
  13 centaurs
  A phantom (D:5)
  24 kobold brigands
  9 bullfrogs
  5 scorpions
  22 killer bees (D:9)
  4 wights (D:7)
  10 electric eels
  14 centaur zombies
  2 howler monkeys (D:9)
  4 lava snakes (Lair:6)
  A bullfrog zombie (D:6)
  2 hounds
  6 jellies
  21 orc priests
  Crazy Yiuf (D:2)
  A bullfrog skeleton (D:5)
  2 centaur skeletons
  A gnoll shaman (D:4)
  6 iguanas
  Ijyb (D:3)
  18 orc wizards
  A hound zombie (D:5)
  A hound skeleton (D:4)
  3 gnolls (D:4)
  11 adders
  A shadow imp (D:6)
  A white imp (D:6)
  An ufetubus (D:6)
  An adder skeleton (D:4)
  An adder zombie (D:5)
  6 worms
  A dart slug (D:1)
  78 orcs
  4 endoplasms
  2 giant cockroaches
  10 goblins
  7 hobgoblins
  14 jackals
  37 kobolds
  7 quokkas
  9 ball pythons
  7 bats
  A frilled lizard (D:1)
  9 rats
  4 fulminant prisms
904 creatures vanquished.

Vanquished Creatures (collateral kills)
  A necrophage (D:4)
  An orc priest (D:4)
2 creatures vanquished.

Vanquished Creatures (others)
  A water nymph (Shoals:3)
  15 fulminant prisms
  31 fungi
  174 plants
  17 withered plants
238 creatures vanquished.

Grand Total: 1144 creatures vanquished

Notes
Turn   | Place    | Note
-------+----------+-------------------------------------------
     0 | D:1      | Ashen the Demonspawn Ice Elementalist began the quest for
                  | the Orb.
     0 | D:1      | Reached XP level 1. HP: 13/13 MP: 3/3
   190 | D:1      | Gained mutation: You sometimes gain a little power by
                  | taking damage. [demonic ancestry]
   190 | D:1      | Reached XP level 2. HP: 20/20 MP: 0/5
  1156 | D:1      | Reached skill level 1 in Fighting
  1156 | D:1      | Gained mutation: You have a small tail. [demonic ancestry]
  1156 | D:1      | Reached XP level 3. HP: 25/26 MP: 4/6
  1435 | D:2      | Learned a level 3 spell: Frozen Ramparts
  1643 | D:2      | Found a broken altar of Ashenzari.
  1681 | D:2      | Found a faded altar of an unknown god.
  1777 | D:2      | Reached skill level 4 in Ice Magic
  1777 | D:2      | Reached XP level 4. HP: 24/32 MP: 7/7
  2129 | D:2      | Found a runed translucent door.
  2130 | D:2      | Noticed Crazy Yiuf
  2241 | D:2      | Learned a level 3 spell: Ozocubu's Armour
  2297 | D:2      | Killed Crazy Yiuf
  2848 | D:3      | Gained mutation: Your demonic aura sometimes causes spilled
                  | blood to erupt in flames. [demonic ancestry]
  2848 | D:3      | Reached XP level 5. HP: 31/38 MP: 9/9
  3308 | D:3      | Found a hide-covered altar of Uskayaw.
  3327 | D:3      | Noticed Ijyb
  3340 | D:3      | Killed Ijyb
  3979 | D:4      | Reached XP level 6. HP: 44/44 MP: 10/10
  4048 | D:4      | Found a shimmering altar of Xom.
  4359 | D:4      | Found a shimmering altar of Xom.
  4459 | D:4      | Found a shimmering altar of Xom.
  4465 | D:4      | Found a shimmering altar of Xom.
  4466 | D:4      | Found a shimmering altar of Xom.
  4560 | D:4      | Found a staircase to the Ecumenical Temple.
  4577 | Temple   | Entered the Ecumenical Temple
  4818 | Temple   | Became a worshipper of Vehumet
  4891 | D:4      | Reached XP level 7. HP: 52/52 MP: 11/12
  5110 | D:4      | HP: 2/50 [orc priest/divine providence (11)]
  5678 | D:4      | Reached * piety under Vehumet
  5678 | D:4      | Offered knowledge of Sandblast by Vehumet.
  5684 | D:4      | Learned a level 4 spell: Hailstorm
  5864 | D:4      | Reached skill level 5 in Ice Magic
  5917 | D:5      | Entered Level 5 of the Dungeon
  6018 | D:5      | Reached skill level 1 in Conjurations
  6276 | D:5      | Gained mutation: Your demonic aura often causes spilled
                  | blood to erupt in flames. [demonic ancestry]
  6276 | D:5      | Reached XP level 8. HP: 22/60 MP: 14/14
  6976 | D:5      | Found a runed translucent gate.
  6978 | D:5      | Found a runed translucent gate.
  6979 | D:5      | Found a runed translucent gate.
  6986 | D:5      | Noticed MisterFreud's ghost (amateur GnDe)
  7842 | D:6      | Noticed an angel
  8211 | D:6      | Found a shadowy altar of Dithmenos.
  8216 | D:6      | Found a hazy altar of Hepliaklqana.
  8281 | D:6      | Reached skill level 5 in Stealth
  8541 | D:6      | Identified the +0 plate armour of Dice, Bag, and Bottle
                  | {Will+}
  8581 | D:6      | Noticed a komodo dragon
  8589 | D:6      | Killed a komodo dragon
  8590 | D:6      | Reached skill level 5 in Fighting
  8590 | D:6      | Reached skill level 5 in Spellcasting
  8590 | D:6      | Reached XP level 9. HP: 33/68 MP: 16/16
  8777 | D:6      | Reached skill level 6 in Ice Magic
  8843 | D:6      | Reached skill level 5 in Dodging
  8939 | D:6      | Offered knowledge of Searing Ray by Vehumet.
  9007 | D:6      | Learned a level 2 spell: Searing Ray
  9022 | D:6      | Reached ** piety under Vehumet
  9716 | D:7      | Found a burning altar of Makhleb.
  9987 | D:7      | Noticed a cyclops
 10113 | D:7      | Reached XP level 10. HP: 74/76 MP: 18/18
 11044 | D:7      | Offered knowledge of Dazzling Flash by Vehumet.
 11054 | D:7      | Learned a level 3 spell: Dazzling Flash
 11372 | D:8      | Reached *** piety under Vehumet
 11770 | D:8      | Noticed Joseph
 11995 | D:9      | Reached skill level 5 in Conjurations
 11995 | D:9      | Reached skill level 7 in Ice Magic
 12300 | D:9      | Found Elling's Magic Scroll Shoppe.
 12399 | D:9      | Bought a scroll of amnesia for 42 gold pieces
 12399 | D:9      | Bought 3 scrolls of enchant armour for 270 gold pieces
 12399 | D:9      | Bought a scroll of torment for 90 gold pieces
 12399 | D:9      | Bought a scroll of vulnerability for 90 gold pieces
 12567 | D:9      | Found Keresaspa's Dragon-Slaying Spoils.
 12661 | D:9      | Offered knowledge of Olgreb's Toxic Radiance by Vehumet.
 13089 | D:9      | Reached XP level 11. HP: 84/84 MP: 18/21
 13352 | D:9      | Reached **** piety under Vehumet
 13357 | D:9      | Offered knowledge of Fulminant Prism by Vehumet.
 13807 | D:9      | Learned a level 4 spell: Fulminant Prism
 13994 | D:10     | Entered Level 10 of the Dungeon
 14000 | D:10     | Found a staircase to the Lair.
 14153 | D:10     | Found a sacrificial altar of Ru.
 14236 | D:10     | Found a transporter.
 14243 | D:10     | Noticed Palewisp's ghost (novice SpEn)
 14333 | D:10     | Found a transporter.
 14712 | D:10     | Reached skill level 1 in Armour
 14813 | D:10     | Noticed a three-headed hydra
 14820 | D:10     | Killed a three-headed hydra
 14821 | D:10     | Reached skill level 8 in Ice Magic
 15017 | D:10     | Noticed a two-headed ogre
 15205 | D:10     | Killed a two-headed ogre
 15329 | D:11     | Noticed Sonja
 15330 | D:11     | Noticed Sonja
 15330 | D:11     | Sonja changed into Sonja the shapeshifter
 15331 | D:11     | Noticed Sonja
 15331 | D:11     | Sonja the shapeshifter changed into Sonja the troll
 15335 | D:11     | Killed Sonja the troll
 15469 | D:11     | Noticed a red ugly thing
 16185 | D:11     | Noticed Erolcha
 16199 | D:11     | Killed Erolcha
 16498 | D:11     | Killed a red ugly thing
 16499 | D:11     | Reached XP level 12. HP: 73/93 MP: 21/23
 16708 | D:12     | Noticed a two-headed ogre
 16715 | D:12     | Killed a two-headed ogre
 16767 | D:12     | Noticed Josephine
 17033 | D:12     | Noticed a two-headed ogre
 17047 | D:12     | Killed a two-headed ogre
 17084 | D:12     | Killed Josephine
 17161 | D:12     | Noticed a two-headed ogre
 17241 | D:11     | Killed a two-headed ogre
 17339 | D:12     | Noticed a two-headed ogre
 17347 | D:12     | Killed a two-headed ogre
 17487 | D:12     | Found a staircase to the Orcish Mines.
 17968 | Orc:1    | Entered Level 1 of the Orcish Mines
 18204 | Orc:2    | Entered Level 2 of the Orcish Mines
 18365 | Orc:2    | Reached ***** piety under Vehumet
 18427 | Orc:2    | Offered knowledge of Sticky Flame by Vehumet.
 18632 | Orc:2    | Reached skill level 9 in Ice Magic
 18632 | Orc:2    | Found Ophodghyg's Distillery.
 18668 | Orc:2    | Found Logudeta's General Store.
 18801 | Orc:2    | Bought a potion of degeneration for 11 gold pieces
 18801 | Orc:2    | Bought a potion of lignification for 33 gold pieces
 18801 | Orc:2    | Bought a potion of ambrosia for 88 gold pieces
 19015 | Orc:2    | Found a staircase to the Elven Halls.
 19082 | Orc:2    | Noticed an orc warlord
 19248 | Orc:2    | Found Jum Vihi's Magic Scroll Emporium.
 19285 | Orc:2    | Offered knowledge of Iskenderun's Battlesphere by Vehumet.
 19286 | Orc:2    | Reached XP level 13. HP: 61/101 MP: 25/25
 19384 | Orc:2    | Bought a scroll of teleportation for 39 gold pieces
 19384 | Orc:2    | Bought a scroll of teleportation for 39 gold pieces
 19384 | Orc:2    | Bought a scroll of teleportation for 39 gold pieces
 19384 | Orc:2    | Bought a scroll of magic mapping for 45 gold pieces
 19566 | Orc:2    | Killed an orc warlord
 19734 | Orc:2    | Reached skill level 1 in Shields
 19758 | Orc:2    | Reached skill level 5 in Armour
 20117 | Orc:2    | Found Dast's Jewellery Emporium.
 20117 | Orc:2    | Found a one-way gate leading to the halls of Pandemonium.
 20117 | Orc:2    | Found Kawuem's Antique Armour Shoppe.
 20194 | Orc:2    | Bought a ring of see invisible for 180 gold pieces
 20293 | Orc:1    | You fall into a shaft and drop 1 floor!
 20507 | Orc:1    | Noticed Maurice
 20514 | Orc:1    | Killed Maurice
 21062 | D:11     | Reached skill level 10 in Stealth
 21096 | Lair:1   | Entered Level 1 of the Lair of Beasts
 21819 | Lair:1   | Identified the +0 ring mail "Kisa" {rCorr Int+5}
 21956 | Lair:1   | Noticed Urug
 22056 | Lair:1   | Killed Urug
 22206 | Lair:1   | Reached skill level 10 in Fighting
 22206 | Lair:1   | Gained mutation: You have a tail ending in a sharp stinger.
                  | [demonic ancestry]
 22206 | Lair:1   | Reached XP level 14. HP: 91/110 MP: 5/27
 22619 | Lair:2   | Noticed Nergalle
 22635 | Lair:2   | Killed Nergalle
 22635 | Lair:2   | Offered knowledge of Yara's Violent Unravelling by Vehumet.
 22828 | Lair:2   | Learned a level 2 spell: Blink
 22954 | Lair:2   | Reached skill level 10 in Ice Magic
 24124 | Lair:3   | Found an ornate altar of the Wu Jian Council.
 24430 | Lair:3   | Found a staircase to the Snake Pit.
 24875 | Lair:3   | Found a staircase to the Shoals.
 25624 | Lair:4   | Reached skill level 10 in Conjurations
 25631 | Lair:4   | Reached skill level 10 in Spellcasting
 25745 | Lair:4   | Reached skill level 10 in Dodging
 25903 | Lair:4   | Reached skill level 5 in Shields
 26223 | Lair:4   | Found the +8 whip "Snakebite" {venom, curare, rPois}
 26542 | Lair:5   | Offered knowledge of Ozocubu's Refrigeration by Vehumet.
 27322 | Lair:6   | Entered Level 6 of the Lair of Beasts
 27554 | Lair:6   | Found a viscous altar of Jiyva.
 27554 | Lair:6   | Found a staircase to the Slime Pits.
 28011 | Lair:6   | Learned a level 7 spell: Ozocubu's Refrigeration
 28169 | Lair:6   | Noticed Kirke
 28182 | Lair:6   | Killed Kirke
 28187 | Lair:6   | Reached XP level 15. HP: 54/115 MP: 17/29
 28964 | Lair:6   | Found a large runed translucent door.
 28964 | Lair:6   | Found a large runed translucent door.
 29618 | D:13     | Offered knowledge of Starburst by Vehumet.
 30303 | D:13     | Found a gate to the Vaults.
 30657 | D:14     | Found Bowug's Magic Scroll Boutique.
 30755 | D:14     | Found a gate leading to a gauntlet.
 30764 | Gauntlet | Entered a Gauntlet
 30764 | Gauntlet | Found a transporter.
 30773 | Gauntlet | Found a transporter.
 30788 | Gauntlet | Found a transporter.
 30793 | Gauntlet | Found a transporter.
 30808 | Gauntlet | Found a transporter.
 30827 | Gauntlet | Found a transporter.
 30839 | Gauntlet | Found a transporter.
 30851 | Gauntlet | Found a transporter.
 30863 | Gauntlet | Found a transporter.
 30875 | Gauntlet | Found a transporter.
 30892 | Gauntlet | Found a transporter.
 30892 | Gauntlet | Found a transporter.
 30912 | Gauntlet | Found a transporter.
 30932 | Gauntlet | Found a transporter.
 30954 | Gauntlet | Found a transporter.
 31031 | Gauntlet | Found a transporter.
 31058 | Gauntlet | Found a transporter.
 31091 | Gauntlet | Found a transporter.
 31213 | Gauntlet | Reached skill level 11 in Ice Magic
 31238 | Gauntlet | Identified the +6 shortbow of Piotisafar {speed, rElec rN+
                  | Str+2}
 31803 | D:14     | Found a portal to a secret trove of treasure.
 31968 | D:14     | Reached skill level 10 in Armour
 32598 | D:15     | Entered Level 15 of the Dungeon
 32602 | D:15     | Found a basalt altar of Yredelemnul.
 32653 | D:15     | Offered knowledge of Irradiate by Vehumet.
 33130 | D:15     | Reached skill level 12 in Ice Magic
 33300 | D:15     | Reached XP level 16. HP: 122/122 MP: 18/30
 33559 | D:15     | Found a staircase to the Depths.
 34014 | Shoals:1 | Entered Level 1 of the Shoals
 34064 | Shoals:1 | Reached skill level 10 in Shields
 34986 | Shoals:2 | Identified the +4 broad axe of Yjeatiri {vamp, Drain Fly
                  | rN++ rCorr Int-5}
 35343 | Shoals:2 | Reached skill level 13 in Ice Magic
 35411 | Shoals:2 | Found Yhutt's Visitors' Centre.
 35927 | Shoals:2 | Found Yhutt's Merfolk Armours.
 35933 | Shoals:2 | Found Yhutt's Merfolk Weapons.
 36197 | Shoals:3 | Noticed Jorgrun
 36223 | Shoals:3 | Killed Jorgrun
 36305 | Shoals:3 | Found a runed translucent gate.
 36306 | Shoals:3 | Found a runed translucent gate.
 36307 | Shoals:3 | Found a runed translucent gate.
 36969 | Shoals:3 | Noticed Bai Suzhen
 37176 | Shoals:3 | Reached skill level 14 in Ice Magic
 37548 | Shoals:4 | Entered Level 4 of the Shoals
 38217 | Shoals:4 | Reached ****** piety under Vehumet
 38433 | Shoals:4 | Noticed Nikola
 38708 | Shoals:4 | Got a barnacled rune of Zot
 38777 | Shoals:4 | Noticed Polyphemus
 39007 | Shoals:4 | Killed from afar by Nikola

Illustrated notes

Levels and vault maps discovered:
D:1:      minmay_arrival_plants_in_alcoves, layout_rooms, minmay_pentomino_z2
D:2:      layout_rooms, basic_altar, ebering_ecumenical_altar_petrified,
          serial_bayou_pond_b, uniq_crazy_yiuf_cottage
D:3:      layout_loops_cross, mainiacjoe_overflow_cross_hatched, uniq_ijyb
D:4:      minmay_recursive_quarters, layout_gridville, xom_redecorated,
          minmay_temple_entry_grid
D:5:      layout_cave_pools, gammafunk_ghost_split
D:6:      minmay_bubble_buster, layout_loops_cross,
          riverfiend_overflow_shadow_ancestor, zin_angel, serial_bayou,
          serial_bayou_shore_a, serial_bayou_ford_a, serial_bayou_lake_a,
          serial_bayou_pond_d, serial_bayou_pond_c, serial_bayou_pond_d,
          minmay_between
D:7:      minmay_the_grid_four_pointed_star
          [minmay_the_grid_triangle_9x9_skeleton,
          minmay_the_grid_triangle_9x9_semitri,
          minmay_the_grid_triangle_9x9_limited_checkers,
          minmay_the_grid_triangle_9x9_sprig,
          minmay_the_grid_prize_inner_circle], layout_loops_ring,
          overflow_temple_1_default, kennysheep_generic_room_15
D:8:      layout_rooms, uniq_joseph
D:9:      layout_grid_maze, special_room [special_room_kobold], serial_shops,
          nicolae_shop_advertising_works [nicolae_subvault_shop_adworks],
          grunt_ministairs_8, nicolae_shop_dragon_depot,
          chequers_serial_rivers_micro_c
D:10:     layout_stronghold, tso_metal_star, nicolae_ru_sacrificial_ziggurat,
          lair_entry_dummy, gammafunk_ghost_berserking_beasts, st_stairs_2,
          hangedman_ranch
D:11:     layout_basic, uniq_sonja, uniq_erolcha
D:12:     layout_long_grid, david_orc_1_choice, uniq_josephine
D:13:     layout_stronghold, grunt_vaults_entry_fortified
D:14:     layout_cave_pools, minmay_misc_feat_enclosed, serial_column_ruins,
          column_ruins_corridor_straight, column_ruins_open_small,
          column_ruins_open_large, column_ruins_grid_1, column_ruins_grid_3,
          column_ruins_open_tiny, nicolae_trove_entry_crystal,
          gauntlet_entry_generic, kennysheep_windowed_goal
D:15:     gammafunk_enter_depths_forms, layout_gridville, small_statue_alley_a,
          nicolae_yredelemnul_corpse_copse
Temple:   eino_temple_water
Lair:1:   beast_lair_carwin_large_2, layout_cellular_growth, grunt_megastairs_3,
          infiniplex_staircase_pool, uniq_urug
Lair:2:   layout_regular_city, infiniplex_staircase_pool_2, uniq_nergalle
Lair:3:   layout_misc_corridors, minmay_shoals_entry_hut,
          guppyfry_snake_entry_garden, basic_altar
Lair:4:   minmay_guarded_unrand_snakebite, layout_regular_city,
          serial_bayou_pond_d, patterned_corridor
Lair:5:   layout_regular_city, fungi_pond_lemuel
Lair:6:   cheibrodos_lair_end_hotspot, layout_regular_city, slime_altar_1,
          st_stairs_12, grunt_forest_small_clearing_treed, uniq_kirke
Shoals:1: layout_shoals
Shoals:2: nicolae_shoals_mermall, layout_shoals
Shoals:3: layout_shoals, nicolae_shoals_beach_cooler, uniq_bai_suzhen,
          uniq_jorgrun
Shoals:4: shoals_end_hangedman, layout_shoals, uniq_polyphemus, uniq_nikola
Orc:1:    nicolae_orc_accident_1, layout_caves, uniq_maurice
Orc:2:    pf_orc_diabolical, layout_caves, serial_shops, shop

Skill      XL: |  1  2  3  4  5  6  7  8  9 10 11 12 13 14 15 16 |
---------------+-------------------------------------------------+-----
Stealth        | 2 3 4 5 6 7 8 9 10 | 10.0
Dodging        | 2 3 4 5 6 7 8 9 10 | 10.0
Fighting       | 1 2 3 5 6 7 8 9 10 | 10.0
Ice Magic      | 4 5 6 7 8 9 10 12 14 | 14.7
Spellcasting   | 3 4 5 6 7 8 9 10 11 | 11.3
Conjurations   | 1 3 4 5 7 8 9 10 | 10.0
Armour         | 2 4 5 8 10 | 10.0
Shields        | 3 6 9 10 | 10.0

Action                   |  1- 3 |  4- 6 |  7- 9 | 10-12 | 13-15 | 16-18 || total
-------------------------+-------+-------+-------+-------+-------+-------++-------
Melee: Unarmed           |    31 |       |       |       |       |       ||    31
       Whip              |    29 |    43 |       |       |   428 |    91 ||   591
       Tailslap          |     2 |    14 |    57 |    35 |   161 |    39 ||   308
       Punch             |       |     3 |     5 |     6 |     1 |       ||    15
       Dagger            |       |    26 |    67 |     8 |    80 |       ||   181
       Quarterstaff      |       |       |   100 |       |       |       ||   100
       Staff             |       |       |    92 |   166 |   238 |       ||   496
       Broad axe         |       |       |       |       |       |   128 ||   128
 Cast: Freeze            |    65 |    54 |    64 |   132 |   307 |    13 ||   635
       Frozen Ramparts   |     2 |     6 |    30 |    60 |   112 |    33 ||   243
       Ozocubu's Armour  |       |     5 |    33 |    67 |   111 |    38 ||   254
       Hailstorm         |       |       |     8 |    84 |   186 |    57 ||   335
       Searing Ray       |       |       |       |    24 |     9 |     3 ||    36
       Fulminant Prism   |       |       |       |    13 |     4 |     2 ||    19
       Dazzling Flash    |       |       |       |    10 |    41 |    15 ||    66
       Blink             |       |       |       |       |     3 |     1 ||     4
       Ozocubu's Refrige |       |       |       |       |       |    34 ||    34
Evoke: Wand              |       |       |       |     6 |     1 |       ||     7
  Use: Scroll            |       |     7 |     4 |    11 |    10 |     3 ||    35
       Potion            |       |       |       |       |     3 |       ||     3
 Stab: Sleeping          |     1 |     3 |     6 |     5 |    21 |     4 ||    40
       Invisible         |       |       |       |     3 |     2 |     3 ||     8
       Distracted        |       |       |       |       |     2 |       ||     2
       Petrified         |       |       |       |       |       |     8 ||     8
       Petrifying        |       |       |       |       |       |     3 ||     3
Armor: Robe              |    29 |    41 |   139 |   166 |       |       ||   375
       Troll leather arm |       |       |       |    90 |   588 |   152 ||   830
Dodge: Dodged            |    93 |    78 |   252 |   389 |   839 |   292 ||  1943
Block: Kite shield       |       |       |       |       |   918 |   150 ||  1068
       Buckler           |       |       |       |       |       |    47 ||    47
